Unix NetHack Version 5.0.0-0 post-release - last build May 31 2026 23:59:36 (970b52f25bf058293b47ddfd14a1e40e571c508c,branch:main).

Game began 2026-06-08 20:01:55, ended 2026-06-08 20:50:51.

Anarchos, lawful female dwarven Valkyrie

                              -------
                          -----..|..|
                          |.........----------------
                          |...|...-..^..@a......i..|
                          |.---.-.....------------?|
                          |........|.--  |.........|
                          |.----..--.|   |.........|
                          |..`.`..|..|   |.........|
                          |.........-|   |.........|
                          |.`|...|...|   |....<....|
                          |.`-----.-.|   |.....%...|
                          |..........|   |.........|
                          --.>--------   |.........|
                           ----          -----------

Anarchos the Fighter        St:18 Dx:11 Co:19 In:10 Wi:9 Ch:8  Lawful
Dlvl:4  $:80 HP:0(74) Pw:9(9) AC:5  Xp:6 T:4080  Hungry  

Latest messages:
 You sense something below your feet.
 This door is locked.
 Unlock it with your key? [ynq] (q) y
 You succeed in unlocking the door.
 The paper golem opens a door.
 You hit the paper golem!
 The paper golem hits!
 You hit the paper golem.
 The paper golem hits!
 You hit the paper golem!
 The paper golem hits!
 You destroy the paper golem!
 Welcome to experience level 6.
 I - 2 unlabeled scrolls.
 K - an unlabeled scroll.
 The fire ant bites!
 The fire ant bites again!
 You're on fire!
 You drop a scroll labeled FOOBIE BLETCH.
 You drop 2 unlabeled scrolls.
 You drop an unlabeled scroll.
 You drop 2 scrolls called earth.
 The fire ant just misses!
 The fire ant bites!
 You're on fire!
 The fire ant bites!
 The fire ant bites again!
 You're on fire!
 You miss the giant ant.
 The giant ant bites!
 The giant ant bites!
 You miss the giant ant.
 The giant ant bites!
 You miss the giant ant.
 The giant ant bites!
 You miss the giant ant.
 The giant ant misses!
 The giant ant bites!
 The giant ant bites!
 The giant ant bites!
 The giant ant bites!
 The giant ant bites!
 You hit the giant ant!
 The giant ant bites!
 Are you sure you want to pray? [yn] (n) y
 You begin praying to Tyr.
 The giant ant bites!
 You die...
 Do you want your possessions identified? [ynq] (y) y
 Do you want to see your attributes? [ynq] (y) q

Inventory:
 Coins    ('$')
  $ - 80 gold pieces
 Weapons  (')')
  p - a +0 orcish bow
  a - a +1 dwarvish spear (weapon in right hand)
  o - a +1 mace
  h - a blessed +2 short sword
 Armor    ('[')
  J - an uncursed +0 cornuthaum
  A - an uncursed +0 helm of brilliance (being worn)
  Y - an uncursed +0 orcish helm
  c - an uncursed +3 small shield (being worn)
 Comestibles  ('%')
  s - 3 uncursed bananas
  G - an uncursed cream pie
  d - 3 uncursed food rations
  k - an uncursed egg
  q - 2 uncursed lichen corpses
 Rings    ('=')
  y - an uncursed +1 ring of gain strength
 Wands    ('/')
  E - a wand of fire (0:8)
  B - a wand of fire (0:4)
 Tools    ('(')
  r - an uncursed bag of holding containing 14 items
  v - an uncursed mirror
  w - an uncursed mirror
  f - a cursed oil lamp
  V - an uncursed skeleton key
  P - an uncursed tin whistle
 Gems/Stones  ('*')
  x - 2 uncursed worthless pieces of orange glass

Contents of the bag of holding:
  a blessed scroll of confuse monster
  2 uncursed scrolls of confuse monster
  an uncursed scroll of identify
  an uncursed scroll of stinking cloud
  an uncursed spellbook of create monster
  an uncursed spellbook of extra healing
  an uncursed potion of booze
  an uncursed potion of confusion
  a blessed potion of gain energy
  2 blessed potions of healing
  2 uncursed potions of healing
  a blessed potion of object detection
  an uncursed potion of sleeping
  an uncursed chrysoberyl stone

Anarchos the Valkyrie's attributes:

Background:
 You were a Fighter, a level 6 dwarven Valkyrie.
 You were lawful, on a mission for Tyr
 who was opposed by Odin (neutral) and Loki (chaotic).
 You were right-handed.
 You were in Sokoban, on level 4.
 You entered the dungeon 4080 turns ago.
 You had 323 experience points, 317 more were needed to attain level 7.

Basics:
 You had 0 out of 74 hit points.
 You had all 9 energy points (spell power).
 Your armor class was 5.
 Your wallet contained 80 zorkmids.
 Autopickup was on for all types.

Final Characteristics:
 Your strength was 18 (limit:18/100).
 Your dexterity was 11 (limit:20).
 Your constitution was 19 (limit:20).
 Your intelligence was 10 (limit:16).
 Your wisdom was 9 (limit:16).
 Your charisma was 8 (limit:16).

Final Status:
 You were hungry.
 You were unencumbered.
 You were wielding a spear.
 You had basic skill with spear and could have enhanced that.

Final Attributes:
 You were piously aligned.
 You were cold resistant.
 You had infravision.
 You were stealthy.
 You were unlucky.
 You are dead.

Miscellaneous:
 You didn't encounter any bones levels.
 Total elapsed playing time was 48 minutes and 55 seconds.

Major events:
 Turn
    1: Anarchos the lawful dwarven Valkyrie entered the dungeon
  619: performed her first genocide (minotaurs)
  760: attained the rank of Skirmisher (level 3)
 2935: entered Sokoban
 3191: completed 1st Sokoban level
 4042: completed 2nd Sokoban level
 4061: attained the rank of Fighter (level 6)
 4080: killed by a giant ant, while praying

Spells:
 Name                 Level Category     Fail Retention
 extra healing          3   healing      100%  76%-100%

Skills:
 Fighting Skills
   bare handed combat [Unskilled]
   two weapon combat  [Unskilled]
   riding             [Unskilled]
 Weapon Skills
   dagger             [Basic]
   axe                [Unskilled]
   pick-axe           [Unskilled]
   short sword        [Basic]
   broadsword         [Unskilled]
   long sword         [Unskilled]
   two-handed sword   [Unskilled]
   saber              [Unskilled]
   hammer             [Unskilled]
   quarterstaff       [Unskilled]
   polearms           [Unskilled]
   spear              [Basic]
   trident            [Unskilled]
   lance              [Unskilled]
   sling              [Unskilled]
 Spellcasting Skills
   attack spells      [Unskilled]
   escape spells      [Unskilled]

Voluntary challenges:
 Character rerolling was not enabled.
 You genocided 1 type of monster.
 You never polymorphed an object.
 You never changed form.
 You used no wishes.
 You violated the special Sokoban rules thrice.
Achievements:
 You attained the rank of Skirmisher.
 You entered a shop.
 You entered Sokoban.
 You attained the rank of Fighter.

 The Dungeons of Doom: levels 1 to 6
    Level 1:
       Many fountains, many trees.
    Level 2:
       An armor shop.
    Level 3:
       A fountain.
    Level 4:
    Level 5:
       Many fountains.
       Oracle of Delphi.
    Level 6:
       An armor shop.
       Stairs up to Sokoban, level 5.
 Sokoban: levels 5 up to 4
    Level 4: <- You were here.
       Solved.
       Final resting place for
          you, killed by a giant ant, while praying.
    Level 5:
       Solved.


Vanquished creatures:
  a small mimic
  a blue jelly
  a gnome mummy
  4 wood nymphs
  a rock piercer
  2 shriekers
  a golden naga hatchling
  a paper golem
  a baby crocodile
  a giant ant
  a little dog
  a floating eye
  a kitten
  a kobold leader
  2 acid blobs
  a coyote
  8 manes
  a large kobold
  2 cave spiders
  2 brown molds
  2 yellow molds
  a red mold
  2 gnome zombies
  3 geckos
  3 jackals
  a fox
  2 kobolds
  2 goblins
  2 sewer rats
  6 grid bugs
  4 lichens
  3 newts
65 creatures vanquished.

Genocided species:
 minotaurs
1 species genocided.

Game over:
                       ----------
                      /          \
                     /    REST    \
                    /      IN      \
                   /     PEACE      \
                  /                  \
                  |     Anarchos     |
                  |      80 Au       |
                  |   killed by a    |
                  |    giant ant     |
                  |                  |
                  |                  |
                  |       2026       |
                 *|     *  *  *      | *
        _________)/\\_//(\/(/\)/\//\/|_)_______

Farvel Anarchos the Valkyrie...

You died in Sokoban on dungeon level 4 with 1624 points,
and 80 pieces of gold, after 4080 moves.
You were level 6 with a maximum of 74 hit points when you died.

